BSA
ST CHARLES SHEENS @ KANSAS CITY KINGS
06/18/2026
 
TOP OF THE 1ST
St Charles Sheens batting - Pitching for Kansas City Kings : RHP Ron Young
Pitching: RHP Ron Young
Batting: LHB Bob Ware 0-0: Called Strike
0-1: Swinging Strike
0-2: Foul Ball, location: 2F
0-2: Strikes out swinging
Batting: RHB Dan Tyler 0-0: Called Strike
0-1: Swinging Strike
0-2: Strikes out swinging
Batting: LHB Stan Bates 0-0: Ball
1-0: Called Strike
1-1: Called Strike
1-2: Ball
2-2: SOLO HOME RUN (Flyball, 9LD), Distance : 356 ft
Batting: LHB Juan Jose Rojas 0-0: Ball
1-0: Called Strike
1-1: Foul Ball, location: 2F
1-2: DOUBLE (Line Drive, 7LS)
Batting: RHB Judson Backstrom 0-0: Called Strike
0-1: Called Strike
0-2: Ball
1-2: Foul Ball, location: 2F
1-2: Ball
2-2: Foul Ball, location: 2F
2-2: Foul Ball, location: 2F
2-2: SINGLE (Line Drive, 4MD)
Juan Jose Rojas to third
Runner from 3rd tries for Home, SAFE, no throw or cutoff
Batting: LHB Gene Cooper 0-0: Called Strike
0-1: Foul Ball, location: 2F
0-2: Ball
1-2: Ground out 4-3 (Groundball, 4)
Top of the 1st over - 2 run(s), 3 hit(s), 0 error(s), 1 left on base; St Charles 2 - Kansas City 0
BOTTOM OF THE 1ST
Kansas City Kings batting - Pitching for St Charles Sheens : LHP Ben Moody
Pitching: LHP Ben Moody
Batting: RHB Chris Chandler 0-0: Swinging Strike
0-1: Ball
1-1: Ball
2-1: Ball
3-1: Called Strike
3-2: Strikes out swinging
Batting: LHB Ray Spencer 0-0: Ball
1-0: Foul Ball, location: 2F
1-1: Fly out, F5 (Popup, 56)
Batting: RHB Toshimichi Kono 0-0: Fly out, F8 (Flyball, 8RD)
Bottom of the 1st over - 0 run(s), 0 hit(s), 0 error(s), 0 left on base; St Charles 2 - Kansas City 0
TOP OF THE 2ND
St Charles Sheens batting - Pitching for Kansas City Kings : RHP Ron Young
Batting: LHB Jason Lambert 0-0: Called Strike
0-1: Foul Ball, location: 2F
0-2: Ball
1-2: Strikes out swinging
Batting: SHB Theron Harper 0-0: Called Strike
0-1: Swinging Strike
0-2: Fly out, F9 (Flyball, 89S)
Batting: SHB Richard Bowman 0-0: Ball
1-0: Ball
2-0: Foul Ball, location: 2F
2-1: Foul Ball, location: 2F
2-2: Foul Ball, location: 2F
2-2: Ball
3-2: SINGLE (Groundball, 5D)
Batting: LHB Bob Ware 0-0: Ball
1-0: Called Strike
1-1: Ground out 4-3 (Groundball, 4)
Top of the 2nd over - 0 run(s), 1 hit(s), 0 error(s), 1 left on base; St Charles 2 - Kansas City 0
BOTTOM OF THE 2ND
Kansas City Kings batting - Pitching for St Charles Sheens : LHP Ben Moody
Batting: LHB Pablo Reyes 0-0: Swinging Strike
0-1: Ball
1-1: DOUBLE (Line Drive, 9LD)
Batting: RHB Dave Parker 0-0: Fly out, F6 (Line Drive, 6D)
Batting: SHB Víctor Serrano 0-0: SINGLE (Groundball, 56D)
Pablo Reyes to third
Runner from 3rd tries for Home, SAFE, throw made home
Batting: LHB Ethan Marshall 0-0: Ball
1-0: Fly out, F4 (Popup, 4M)
Batting: LHB Brian Boone 0-0: Ball
1-0: Ball
2-0: 2-RUN HOME RUN (Flyball, 89XD), Distance : 371 ft
Batting: RHB Matt Richards 0-0: Called Strike
0-1: Foul Ball, location: 2F
0-2: Foul Ball, location: 2F
0-2: Strikes out swinging
Bottom of the 2nd over - 3 run(s), 3 hit(s), 0 error(s), 0 left on base; St Charles 2 - Kansas City 3
TOP OF THE 3RD
St Charles Sheens batting - Pitching for Kansas City Kings : RHP Ron Young
Batting: RHB Dan Tyler 0-0: Hit by Pitch
Batting: LHB Stan Bates 0-0: Fielders Choice at 2nd, 3-6 (Groundball, 3)
Batting: LHB Juan Jose Rojas 0-0: Called Strike
0-1: Ball
1-1: Swinging Strike
1-2: Strikes out looking
Batting: RHB Judson Backstrom 0-0: Foul Ball, location: 2F
0-1: SINGLE (Line Drive, 56)
Stan Bates to second
Batting: LHB Gene Cooper 0-0: Called Strike
0-1: Ball
1-1: Foul Ball, location: 2F
1-2: Foul Ball, location: 2F
1-2: Ball
2-2: Ball
3-2: Fly out, F4 (Line Drive, 4)
Top of the 3rd over - 0 run(s), 1 hit(s), 0 error(s), 2 left on base; St Charles 2 - Kansas City 3
BOTTOM OF THE 3RD
Kansas City Kings batting - Pitching for St Charles Sheens : LHP Ben Moody
Batting: RHB Chris Chandler 0-0: Called Strike
0-1: Ball
1-1: Ground out 3-1 (Groundball, 23)
Batting: LHB Ray Spencer 0-0: DOUBLE (Line Drive, 9LD)
Batting: RHB Toshimichi Kono 0-0: Ball
1-0: Foul Ball, location: 2F
1-1: Foul Ball, location: 2F
1-2: Ball
2-2: Ground out 1-3 (Groundball, 23)
Ray Spencer to third
Batting: LHB Pablo Reyes 0-0: SINGLE (Line Drive, 4MD)
Ray Spencer scores
Batting: RHB Dave Parker 0-0: Foul Ball, location: 2F
0-1: Swinging Strike
0-2: Ball
1-2: DOUBLE (Line Drive, 78D)
Pablo Reyes to third
Pablo Reyes scores
Batting: SHB Víctor Serrano 0-0: Foul Ball, location: 2F
0-1: Foul Ball, location: 2F
0-2: Ball
1-2: Strikes out swinging
Bottom of the 3rd over - 2 run(s), 3 hit(s), 0 error(s), 1 left on base; St Charles 2 - Kansas City 5
TOP OF THE 4TH
St Charles Sheens batting - Pitching for Kansas City Kings : RHP Ron Young
Batting: LHB Jason Lambert 0-0: Ball
1-0: Ball
2-0: Called Strike
2-1: Ball
3-1: Base on Balls
Batting: SHB Theron Harper 0-0: Ball
1-0: Called Strike
1-1: Called Strike
1-2: Ball
2-2: Strikes out swinging
Batting: SHB Richard Bowman 0-0: Grounds into double play, U4-3 (Groundball, 4M)
Top of the 4th over - 0 run(s), 0 hit(s), 0 error(s), 0 left on base; St Charles 2 - Kansas City 5
BOTTOM OF THE 4TH
Kansas City Kings batting - Pitching for St Charles Sheens : LHP Ben Moody
Batting: LHB Ethan Marshall 0-0: Ball
1-0: Ball
2-0: Ball
3-0: Called Strike
3-1: Ground out U3 (Groundball, 3)
Batting: LHB Brian Boone 0-0: Ground out 1-3 (Groundball, 13S)
Batting: RHB Matt Richards 0-0: Ball
1-0: SOLO HOME RUN (Flyball, 7LD), Distance : 348 ft
Batting: RHB Chris Chandler 0-0: Ball
1-0: Ball
2-0: Called Strike
2-1: Fly out, F9 (Flyball, 89D)
Bottom of the 4th over - 1 run(s), 1 hit(s), 0 error(s), 0 left on base; St Charles 2 - Kansas City 6
TOP OF THE 5TH
St Charles Sheens batting - Pitching for Kansas City Kings : RHP Ron Young
Batting: LHB Bob Ware 0-0: Ball
1-0: Called Strike
1-1: Called Strike
1-2: Ground out 6-3 (Groundball, 6)
Batting: RHB Dan Tyler 0-0: Ball
1-0: Bunt for hit - play at first, batter OUT! 1-3
Batting: LHB Stan Bates 0-0: Called Strike
0-1: Ball
1-1: Ball
2-1: Ball
3-1: Called Strike
3-2: Foul Ball, location: 2F
3-2: Base on Balls
Batting: LHB Juan Jose Rojas 0-0: Called Strike
0-1: 2-RUN HOME RUN (Flyball, 9D), Distance : 389 ft
Batting: RHB Judson Backstrom 0-0: Called Strike
0-1: Swinging Strike
0-2: Strikes out swinging
Top of the 5th over - 2 run(s), 1 hit(s), 0 error(s), 0 left on base; St Charles 4 - Kansas City 6
BOTTOM OF THE 5TH
Kansas City Kings batting - Pitching for St Charles Sheens : LHP Ben Moody
Batting: LHB Ray Spencer 0-0: Called Strike
0-1: Called Strike
0-2: SINGLE (Groundball, 4MD)
Batting: RHB Toshimichi Kono 0-0: Called Strike
0-1: Ball
1-1: Foul Ball, location: 2F
1-2: Strikes out swinging
Batting: LHB Pablo Reyes 0-0: Ball
Ray Spencer is caught stealing 2nd base
1-0: Swinging Strike
1-1: Ball
2-1: Foul Ball, location: 2F
2-2: Foul Ball, location: 2F
2-2: Strikes out swinging
Bottom of the 5th over - 0 run(s), 1 hit(s), 0 error(s), 0 left on base; St Charles 4 - Kansas City 6
TOP OF THE 6TH
St Charles Sheens batting - Pitching for Kansas City Kings : RHP Ron Young
Pitching: LHP Víctor Soto
Batting: LHB Gene Cooper 0-0: Ball
1-0: Swinging Strike
1-1: Foul Ball, location: 2F
1-2: Strikes out swinging
Pitching: RHP Norman White
Batting: LHB Jason Lambert 0-0: Called Strike
0-1: Ball
1-1: Ball
2-1: Ball
3-1: Foul Ball, location: 2F
3-2: DOUBLE (Line Drive, 7LD)
Batting: SHB Theron Harper 0-0: Ball
1-0: Called Strike
1-1: Swinging Strike
1-2: Ball
2-2: Strikes out swinging
Batting: SHB Richard Bowman 0-0: Ball
1-0: Ground out 6-3 (Groundball, 6M)
Top of the 6th over - 0 run(s), 1 hit(s), 0 error(s), 1 left on base; St Charles 4 - Kansas City 6
BOTTOM OF THE 6TH
Kansas City Kings batting - Pitching for St Charles Sheens : LHP Ben Moody
Batting: RHB Dave Parker 0-0: Ground out 6-3 (Groundball, 6)
Batting: SHB Víctor Serrano 0-0: Called Strike
0-1: Swinging Strike
0-2: Foul Ball, location: 2F
0-2: Foul Ball, location: 2F
0-2: Ball
1-2: Ball
2-2: Strikes out swinging
Batting: LHB Ethan Marshall 0-0: Swinging Strike
0-1: Ball
1-1: Fly out, F8 (Flyball, 8RM)
Bottom of the 6th over - 0 run(s), 0 hit(s), 0 error(s), 0 left on base; St Charles 4 - Kansas City 6
TOP OF THE 7TH
St Charles Sheens batting - Pitching for Kansas City Kings : RHP Norman White
Batting: LHB Bob Ware 0-0: Foul Ball, location: 2F
0-1: Fly out, F7 (Flyball, 7LM)
Batting: RHB Dan Tyler 0-0: Called Strike
0-1: Ball
1-1: Fly out, F7 (Flyball, 78M)
Batting: LHB Stan Bates 0-0: Foul Ball, location: 2F
0-1: Ball
1-1: Ball
2-1: Called Strike
2-2: Ball
3-2: Base on Balls
Batting: LHB Juan Jose Rojas 0-0: DOUBLE (Groundball, 3L)
Stan Bates to third
Batting: RHB Judson Backstrom 0-0: Ball
1-0: Ball
2-0: Ball
3-0: Base on Balls
Batting: LHB Gene Cooper 0-0: Fly out, F8 (Popup, 8LS)
Top of the 7th over - 0 run(s), 1 hit(s), 0 error(s), 3 left on base; St Charles 4 - Kansas City 6
BOTTOM OF THE 7TH
Kansas City Kings batting - Pitching for St Charles Sheens : LHP Ben Moody
Batting: LHB Brian Boone 0-0: Ball
1-0: Ground out 3-1 (Groundball, 34)
Batting: RHB Matt Richards 0-0: Called Strike
0-1: Ball
1-1: Foul Ball, location: 2F
1-2: Strikes out swinging
Batting: RHB Chris Chandler 0-0: Foul Ball, location: 2F
0-1: Fly out, F9 (Flyball, 9S)
Bottom of the 7th over - 0 run(s), 0 hit(s), 0 error(s), 0 left on base; St Charles 4 - Kansas City 6
TOP OF THE 8TH
St Charles Sheens batting - Pitching for Kansas City Kings : RHP Norman White
Batting: LHB Jason Lambert 0-0: Ground out 6-3 (Groundball, 6)
Pitching: RHP Ray Watkins
Batting: SHB Theron Harper 0-0: Ball
1-0: Ball
2-0: Ball
3-0: Base on Balls
Batting: SHB Richard Bowman 0-0: Called Strike
0-1: Grounds into double play, 4-6-3 (Groundball, 34)
Top of the 8th over - 0 run(s), 0 hit(s), 0 error(s), 0 left on base; St Charles 4 - Kansas City 6
BOTTOM OF THE 8TH
Kansas City Kings batting - Pitching for St Charles Sheens : LHP Ben Moody
Batting: LHB Ray Spencer 0-0: Foul Ball, location: 2F
0-1: Foul Ball, location: 2F
0-2: Foul Ball, location: 2F
0-2: Ball
1-2: Strikes out swinging
Batting: RHB Toshimichi Kono 0-0: Ball
1-0: Called Strike
1-1: Ball
2-1: Swinging Strike
2-2: Foul Ball, location: 2F
2-2: Ground out 5-3 (Groundball, 56S)
Batting: LHB Pablo Reyes 0-0: Ground out 4-3 (Groundball, 4M)
Bottom of the 8th over - 0 run(s), 0 hit(s), 0 error(s), 0 left on base; St Charles 4 - Kansas City 6
TOP OF THE 9TH
St Charles Sheens batting - Pitching for Kansas City Kings : RHP Ray Watkins
Pitching: RHP Alonso Jiménez
Batting: LHB Bob Ware 0-0: Ball
1-0: Ball
2-0: Swinging Strike
2-1: Foul Ball, location: 2F
2-2: DOUBLE (Flyball, 89D)
Pinch Hitting: LHB Marcos Cantú 0-0: Ball
1-0: Ball
2-0: Foul Ball, location: 2F
2-1: SINGLE (Line Drive, 7LM)
Bob Ware to third
Batting: LHB Stan Bates 0-0: Foul Ball, location: 2F
0-1: Ball
1-1: Ball
2-1: Ball
3-1: Swinging Strike
3-2: Strikes out swinging
Throwing error on steal attempt, E2
Bob Ware scores
Marcos Cantú to third
Batting: LHB Juan Jose Rojas 0-0: Called Strike
0-1: Called Strike
0-2: Fly out, F9 (Flyball, 89XD)
Runner from 3rd tags up, SCORES, no throw
Batting: RHB Judson Backstrom 0-0: Ball
1-0: Ball
2-0: Called Strike
2-1: Fly out, F4 (Popup, 4)
Top of the 9th over - 2 run(s), 2 hit(s), 1 error(s), 0 left on base; St Charles 6 - Kansas City 6
BOTTOM OF THE 9TH
Kansas City Kings batting - Pitching for St Charles Sheens : LHP Ben Moody
Now in LF: Marcos Cantú
Batting: RHB Dave Parker 0-0: Called Strike
0-1: Ball
1-1: Ball
2-1: Ball
3-1: DOUBLE (Line Drive, 7LD)
Batting: SHB Víctor Serrano 0-0: Intentional Walk
Batting: LHB Ethan Marshall 0-0: Swinging Strike
0-1: Sac Bunt - play at first, batter OUT! 1-4
Dave Parker to third
Víctor Serrano to second
Pinch Hitting: RHB Ron James 0-0: Intentional Walk
Batting: RHB Matt Richards 0-0: Swinging Strike
0-1: Foul Ball, location: 2F
0-2: Strikes out swinging
Batting: RHB Chris Chandler 0-0: Called Strike
0-1: Fly out, F7 (Flyball, 7LS)
Bottom of the 9th over - 0 run(s), 1 hit(s), 0 error(s), 3 left on base; St Charles 6 - Kansas City 6
TOP OF THE 10TH
St Charles Sheens batting - Pitching for Kansas City Kings : RHP Alonso Jiménez
Now in RF: Vic Robertson
Batting: LHB Gene Cooper 0-0: Called Strike
0-1: SINGLE (Line Drive, 4M)
Batting: LHB Jason Lambert 0-0: Sac Bunt - play at first, batter OUT! 1-4
Gene Cooper to second
Pinch Hitting: LHB Larry Howard 0-0: Intentional Walk
Pinch Hitting: RHB Júlio Figueroa 0-0: Fielders Choice at 3rd, U5 (Groundball, 5L)
Larry Howard to second
Batting: LHB Bob Ware 0-0: Called Strike
0-1: Called Strike
0-2: Foul Ball, location: 2F
0-2: Ball
1-2: Ball
2-2: Strikes out swinging
Top of the 10th over - 0 run(s), 1 hit(s), 0 error(s), 2 left on base; St Charles 6 - Kansas City 6
BOTTOM OF THE 10TH
Kansas City Kings batting - Pitching for St Charles Sheens : LHP Ben Moody
Now at 2B: Kel Pierce
Now at SS: Júlio Figueroa
Batting: LHB Ray Spencer 0-0: Ball
1-0: Called Strike
1-1: SINGLE (Line Drive, 4MD)
Pitching: RHP Jeff Lynn
Batting: RHB Toshimichi Kono 0-0: Ball
1-0: Foul Ball, location: 2F
1-1: Ball
Ray Spencer steals 2nd base
2-1: Swinging Strike
2-2: Foul Ball, location: 2F
2-2: Ground out 6-3 (Groundball, 6)
Ray Spencer to third
Batting: LHB Pablo Reyes 0-0: Intentional Walk
Batting: RHB Dave Parker 0-0: Ball
1-0: Ball
2-0: Ball
3-0: Called Strike
3-1: Foul Ball, location: 2F
3-2: Base on Balls
Pablo Reyes to second
Batting: SHB Víctor Serrano 0-0: Swinging Strike
0-1: Ball
1-1: Ball
2-1: Swinging Strike
2-2: Strikes out swinging
Batting: LHB Ethan Marshall 0-0: SINGLE (Flyball, 78S)
Ray Spencer scores
Monday, December 5th, 2016 - OOTP Baseball 17.12 Build 75